 Dungeon Crawl Stone Soup version 0.16-a0-1301-gf74d490 (console) character file.

1500 Orcus the Ogre Mage (level 8, -2/78 HPs)
             Began as an Ogre Fire Elementalist on Oct 15, 2014.
             Was a Follower of Ashenzari.
             Slain by a yak (16 damage)
             ... on level 5 of the Dungeon.
             The game lasted 00:22:26 (3276 turns).

Orcus the Ogre Mage (Ogre Fire Elementalist)        Turns: 3276, Time: 00:22:26

Health: -2/78      AC:  4    Str: 15    XL:     8   Next: 81%
Magic:  9/18       EV: 15    Int: 15    God:    Ashenzari [*.....]
Gold:   488        SH:  0    Dex: 10    Spells: 3 memorised, 8 levels left

rFire  . . .     SeeInvis .     a - +1 mace
rCold  . . .     Clarity  .     m - +0 robe
rNeg   . . .     SustAb   .     (shield restricted)
rPois  .         Gourm    +     (helmet restricted)
rElec  .         Spirit   .     e - +0 cloak
rCorr  .         Warding  .     (gloves unavailable)
rMut   .         Stasis   .     (boots unavailable)
MR     .....                    w - amulet of the gourmand
Stlth  ++........               (no ring)
                                p - +4 ring of evasion

@: not resistant to hostile enchantments, unstealthy
A: unfitting armour, tough skin 1
a: Renounce Religion


You were on level 5 of the Dungeon.
You worshipped Ashenzari.
Ashenzari was aware of your devotion.
You were very hungry.

You visited 1 branch of the dungeon, and saw 5 of its levels.
You also visited: Sewer and Ossuary.

You collected 488 gold pieces.

Inventory:

Hand weapons
 a - a +1 mace (weapon)
 g - a +4 hunting sling
Armour
 e - a +0 cloak (worn)
 m - a +0 robe (worn)
 v - a troll hide {Purgy}
Jewellery
 p - a +4 ring of evasion (left hand)
 w - an amulet of the gourmand (around neck)
Magical devices
 q - a wand of cold (4)
 t - a wand of frost (29)
 K - a wand of slowing (19)
Scrolls
 j - a scroll of enchant weapon
 n - a scroll of fog
 s - 3 scrolls of teleportation
 u - 3 scrolls of remove curse
 y - 2 scrolls of magic mapping
 A - a scroll of fear
 J - a scroll of immolation
Potions
 d - 4 potions of brilliance
 h - a potion of poison {unknown}
 i - a potion of agility
 k - 4 potions of curing
 l - a potion of invisibility {unknown}
 o - a potion of mutation {unknown}
 r - 2 potions of flight
 x - a potion of blood
 z - 2 potions of heal wounds
 B - a potion of beneficial mutation {unknown}
 C - a potion of resistance {unknown}
 D - 2 potions of cure mutation {unknown}
 F - 2 potions of cancellation {unknown}
 G - a potion of degeneration {unknown}
 H - a potion of magic {unknown}
 N - a potion of confusion {unknown}
Books
 b - a book of Flames

   Spells                             Type                      Level
   *Flame Tongue                      Conjuration/Fire             1
   Throw Flame                        Conjuration/Fire             2
   *Conjure Flame                     Conjuration/Fire             3
   Inner Flame                        Hexes/Fire                   3
   *Sticky Flame                      Conjuration/Fire             4
   Fireball                           Conjuration/Fire             5
 f - a book of Wizardry

   Spells                             Type                      Level
   Agony                              Necromancy                   5
   Force Lance                        Conjuration                  5
   Dispersal                          Translocation                6
   Haste                              Charms                       6
   Invisibility                       Hexes                        6
   Spellforged Servitor               Conjuration/Summoning        7
Comestibles
 c - a meat ration
 E - a bread ration
 L - 3 rotting chunks of gnoll flesh
 M - 4 rotting chunks of orc flesh
 O - a chunk of worker ant flesh


   Skills:
 + Level 4.2 Fighting
 * Level 3.6 Maces & Flails
 + Level 3.9 Dodging
 + Level 3.6 Stealth
 + Level 4.6 Spellcasting
 * Level 3.7 Conjurations
 * Level 4.4 Fire Magic


You had 8 spell levels left.
You knew the following spells:

 Your Spells              Type           Power        Failure   Level  Hunger
a - Flame Tongue          Conj/Fire      ###..        3%          1    None
b - Conjure Flame         Conj/Fire      ###.....     12%         3    ###....
c - Sticky Flame          Conj/Fire      ###.....     34%         4    ####...


Dungeon Overview and Level Annotations

Branches:
Dungeon (5/15)
 Temple: D:4-7

Altars:
Ashenzari
Okawaru
Ru
Sif Muna
Xom
Zin


Innate Abilities, Weirdness & Mutations

You are too large for most types of armour.
You have tough skin (AC +1).


Message History

Your Fighting skill increases to level 4!
Your Maces & Flails skill increases to level 3!
Unknown command.
The yak is engulfed in roaring flames. x2
The yak misses you.
You hit the yak.
You kill the yak!
The yak is engulfed in roaring flames.
You hit the yak.
The yak is heavily wounded.
The yak gores you!
* * * LOW HITPOINT WARNING * * *
You are feeling very hungry.
You closely miss the yak.
The yak is heavily wounded.
The yak is engulfed in roaring flames.
The yak misses you.
You hit the yak but do no damage.
The yak is heavily wounded.
The yak is engulfed in roaring flames.
The yak gores you!
You die...

..##.# .. ..##.###.##
.......... ..##.[...#
..##.##..# ####.##..#
.....##).# .........#
##########.#
#######.######..@YY.....#
#........##########
##########


You could see 2 yaks.

Vanquished Creatures
  The ghost of Mayheim the Covert, an average SpAs (Sewer)
  4 yaks (D:5)
  The ghost of Deemzul the Insei, an average OpMo (D:3)
  Purgy (Sewer)
  A hound (D:5)
  An orc priest (D:4)
  2 orc wizards (D:4)
  A worker ant (D:5)
  Natasha (thrice) (D:4)
  2 big kobold zombies (Ossuary)
  A big kobold skeleton (D:5)
  8 mummies (Ossuary)
  8 adders
  3 gnolls (D:5)
  3 giant mites
  A worm (D:2)
  4 giant geckos
  An ooze (D:4)
  5 orcs (D:4)
  2 ball pythons
  5 bats
  3 giant cockroaches
  8 hobgoblins
  5 jackals
  A quokka (D:4)
  3 giant newts
  7 goblins
  2 hobgoblin zombies (Ossuary)
  10 kobolds
  3 kobold zombies (Ossuary)
  An orc skeleton (D:3)
  An orc zombie (Ossuary)
  12 rats
  2 rat zombies (D:4)
  A toadstool (D:1)
117 creatures vanquished.

Vanquished Creatures (others)
  3 toadstools (D:1)
3 creatures vanquished.

Grand Total: 120 creatures vanquished

Notes
Turn   | Place    | Note
--------------------------------------------------------------
     0 | D:1      | Orcus, the Ogre Fire Elementalist, began the quest for the Orb.
     0 | D:1      | Reached XP level 1. HP: 16/16 MP: 3/3
   280 | D:1      | Reached skill level 1 in Conjurations
   280 | D:1      | Reached XP level 2. HP: 26/26 MP: 1/5
   631 | D:1      | Reached skill level 1 in Fighting
   807 | D:2      | Reached XP level 3. HP: 26/33 MP: 2/6
  1390 | D:3      | Reached XP level 4. HP: 36/41 MP: 4/8
  1564 | D:3      | Found a glowing drain.
  1586 | D:3      | Reached skill level 3 in Spellcasting
  1592 | Sewer    | Entered a sewer
  1592 | Sewer    | Noticed Mayheim's ghost (average SpAs)
  1601 | Sewer    | Killed Mayheim's ghost
  1601 | Sewer    | Reached XP level 5. HP: 25/50 MP: 1/11
  1601 | Sewer    | Reached XP level 6. HP: 29/59 MP: 1/13
  1684 | Sewer    | Noticed Purgy
  1695 | Sewer    | Killed Purgy
  1802 | D:3      | Noticed Deemzul's ghost (average OpMo)
  1852 | D:3      | Killed Deemzul's ghost
  1852 | D:3      | Reached XP level 7. HP: 40/67 MP: 1/15
  1857 | D:3      | Learned a level 3 spell: Conjure Flame
  1862 | D:3      | Learned a level 4 spell: Sticky Flame
  2156 | D:4      | Found a sacrificial altar of Ru.
  2156 | D:4      | Found a deep blue altar of Sif Muna.
  2156 | D:4      | Found a shimmering altar of Xom.
  2213 | D:4      | Found a glowing silver altar of Zin.
  2213 | D:4      | Found a shattered altar of Ashenzari.
  2214 | D:4      | Found an iron altar of Okawaru.
  2221 | D:4      | Became a worshipper of Ashenzari the Shackled
  2228 | D:4      | here it begins!
  2293 | D:4      | Found a sand-covered staircase.
  2300 | Ossuary  | Entered an ossuary
  2356 | Ossuary  | Reached skill level 1 in Maces & Flails
  2504 | Ossuary  | Reached skill level 4 in Spellcasting
  2662 | D:4      | Noticed Natasha
  2676 | D:4      | Killed Natasha
  2834 | D:4      | Noticed Natasha
  2838 | D:4      | Killed Natasha
  2844 | D:4      | Noticed Natasha
  2848 | D:4      | Killed Natasha
  3003 | D:5      | Entered Level 5 of the Dungeon
  3021 | D:5      | Reached XP level 8. HP: 26/75 MP: 3/18
  3276 | D:5      | Slain by a yak

Action                   |  1- 3 |  4- 6 |  7- 9 || total
-------------------------+-------+-------+-------++-------
Melee: Unarmed           |     5 |       |       ||     5
       Mace              |    17 |    22 |    69 ||   108
       Club              |     2 |       |       ||     2
 Cast: Flame Tongue      |    56 |    50 |   113 ||   219
       Conjure Flame     |       |       |     6 ||     6
  Use: Scroll            |     4 |     6 |     6 ||    16
       Potion            |       |     1 |       ||     1
 Stab: Sleeping          |       |     1 |       ||     1
  Eat: Chunk             |     1 |     3 |     4 ||     8
